 Dungeon Crawl Stone Soup version 0.22-a0-441-gcf5b0c6 (webtiles) character file.

3773 jerryfan the Skirmisher (level 10, -1/77 HPs)
             Began as a Gnoll Wanderer on May 30, 2018.
             Killed from afar by an orc wizard (12 damage)
             ... with a magic dart
             ... on level 7 of the Dungeon.
             The game lasted 00:44:41 (7553 turns).

jerryfan the Skirmisher (Gnoll Wanderer)            Turns: 7553, Time: 00:44:43

Health: -1/77      AC:  8    Str: 16    XL:     10   Next: 16%
Magic:  18/18      EV: 14    Int: 13    God:
Gold:   462        SH:  4    Dex: 18    Spells: 20/20 levels left

rFire    . . .     SeeInvis .   s - +4 short sword
rCold    . . .     Gourm    .   (no shield)
rNeg     . . .     Faith    .   b - +1 ring mail
rPois    .         Spirit   .   (no helmet)
rElec    .         Reflect  +   y - +0 cloak
rCorr    .         Harm     .   (no gloves)
MR       .....                  (no boots)
Stlth    +++.......             w - +4 amulet of reflection
HPRegen  0.22/turn              (no ring)
MPRegen  0.16/turn              (no ring)

@: no status effects
A: distributed training, fangs 1, strong nose
a: no special abilities


You were on level 7 of the Dungeon.
You were not hungry.

You visited 1 branch of the dungeon, and saw 7 of its levels.
You also visited: Sewer.

You collected 462 gold pieces.

Inventory:

Hand Weapons
 c - a +0 shortbow
 n - a +2 dagger of draining
 s - a +4 short sword (weapon)
 v - a +2 spear of piercing
 x - a +3 quarterstaff of chaos
 N - a +1 antimagic war axe
 O - a +5 war axe
 P - a +5 battleaxe
 Q - a +3 dagger of freezing
Missiles
 a - 238 stones
 d - 169 arrows
 g - 39 sling bullets
 A - 2 throwing nets
 F - 2 tomahawks
 J - 8 javelins (quivered)
Armour
 b - a +1 ring mail (worn)
 u - a +0 chain mail
 y - a +0 cloak (worn)
 D - a cursed +0 robe
 E - a +0 shield
Magical Staves
 G - an uncursed staff of earth
Jewellery
 w - a +4 amulet of reflection (around neck)
Wands
 L - a wand of iceblast (3)
 M - a wand of acid (4)
Scrolls
 e - a scroll of enchant weapon {unknown}
 i - 3 scrolls of identify
 j - 4 scrolls of remove curse
 l - a scroll of teleportation
 o - a scroll of blinking {unknown}
 r - a scroll of enchant armour
 t - a scroll of immolation {unknown}
 B - a scroll of amnesia {unknown}
 C - a scroll of fear {unknown}
 H - a scroll of magic mapping {unknown}
Potions
 h - 2 potions of agility
 k - 3 potions of curing
 m - a potion of cancellation {unknown}
 p - a potion of haste {unknown}
 q - a potion of heal wounds
 z - a potion of flight
 I - 3 potions of degeneration {unknown}
 K - a potion of might {unknown}
Comestibles
 f - 17 rations
 R - 4 chunks of flesh


   Skills:
 + Level 6.8 Fighting
 + Level 4.9 Short Blades
 + Level 4.9 Long Blades
 + Level 4.9 Axes
 + Level 4.9 Maces & Flails
 + Level 4.9 Polearms
 + Level 4.9 Staves
 + Level 4.9 Slings
 + Level 5.6 Bows
 + Level 4.9 Crossbows
 + Level 4.9 Throwing
 + Level 4.9 Armour
 + Level 4.9 Dodging
 + Level 6.5 Stealth
 + Level 4.9 Shields
 + Level 4.9 Unarmed Combat
 + Level 5.7 Spellcasting
 + Level 4.0 Conjurations
 + Level 4.0 Hexes
 + Level 5.6 Charms
 + Level 4.0 Summonings
 + Level 4.0 Necromancy
 + Level 4.0 Translocations
 + Level 5.6 Transmutations
 + Level 4.0 Fire Magic
 + Level 4.0 Ice Magic
 + Level 4.0 Air Magic
 + Level 4.0 Earth Magic
 + Level 4.0 Poison Magic
 + Level 5.4 Invocations
 + Level 4.9 Evocations


You had 20 spell levels left.
You didn't know any spells.
Your spell library contained the following spells:

 Spells                   Type           Power        Failure   Level  Hunger
 Regeneration             Chrm/Necr      ###.......   13%         3    ###....
 Shroud of Golubria       Chrm/Tloc      ###.......   6%          2    ##.....
 Infusion                 Chrm           ###.         3%          1    None
 Song of Slaying          Chrm           ###.....     4%          2    ##.....
 Spectral Weapon          Hex/Chrm       ###.....     13%         3    ###....


Dungeon Overview and Level Annotations

Branches:
Dungeon (7/15)             Temple (0/1) D:6

Altars:
Ashenzari
Nemelex Xobeh
Trog
Wu Jian

Shops:
D:6 [

Annotations:
D:4 1 exclusion
D:6 1 exclusion


Innate Abilities, Weirdness & Mutations

Your experience applies equally to all skills.
You have very sharp teeth.
Your uncanny sense of smell can sniff out nearby items.


Message History

The bolt of acid hits the necrophage.
The necrophage is splashed with acid.
The acid corrodes the necrophage!
The necrophage is severely damaged.
The bolt of acid misses the orc wizard.
You hear an angry hiss.
You hit the necrophage. You bite the necrophage.
The necrophage is almost destroyed.
The necrophage hits you.
* * * LOW HITPOINT WARNING * * *
You hit the necrophage.
You destroy the necrophage!
The orc wizard gestures at you while chanting.
You easily resist.
The orc wizard casts a spell at you. The magic dart hits you!
* * * LOW HITPOINT WARNING * * *
An adder comes into view.
The orc wizard casts a spell at you. The magic dart hits you!
You die...

####### ## #.....#
∆ .# #.###.#### .#
#.#......# .#
#.#.#.##.## ##
#.........# #
#.....##..# ∆ #
#.###.##..#####.###
# ###.#
#.##..@o)...... #
#...#
#.###.#####S### #
#.#.....# #.# #
#.###...# #.# # #.#
.......# ### #.#
..#####
..###.####...#
..............
#.###........


You could see an orc wizard and an adder.

Vanquished Creatures
  Eustachio (D:6)
  A hungry ghost (D:7)
  Duvessa (D:7)
  2 orc warriors
  2 black bears (D:6)
  4 ogres
  A sky beast (D:5)
  2 necrophages
  3 phantoms
  4 centaurs
  2 big kobolds
  3 bullfrogs
  A scorpion (D:4)
  4 killer bees (D:6)
  Dowan (D:7)
  5 wights (D:7)
  A howler monkey (D:5)
  3 crimson imps
  A bullfrog zombie (D:5)
  3 orc wizards (D:4)
  3 hounds
  3 orc priests
  Crazy Yiuf (D:3)
  A centaur skeleton (D:4)
  An iguana (D:4)
  6 worker ants
  2 hound skeletons
  A howler monkey zombie (D:7)
  4 gnolls
  16 adders
  3 river rats (Sewer)
  2 shadow imps
  2 oozes (D:1)
  2 adder skeletons
  6 worms
  3 dart slugs
  7 leopard geckos
  10 orcs
  3 ball pythons
  8 giant cockroaches
  6 goblins
  7 hobgoblins
  13 jackals
  10 kobolds
  4 quokkas
  8 bats
  3 frilled lizards
  A jackal skeleton (D:7)
  4 rats
  2 bushes (D:5)
  A fungus (D:3)
  4 plants (D:5)
192 creatures vanquished.

Vanquished Creatures (others)
  2 plants (D:5)
2 creatures vanquished.

Grand Total: 194 creatures vanquished

Notes
Turn   | Place    | Note
-------+----------+-------------------------------------------
     0 | D:1      | jerryfan the Gnoll Wanderer began the quest for the Orb.
     0 | D:1      | jerryfan set off with: a +0 ring mail, a +0 shortbow, 27 arrows, a +0 dagger, a ration
     0 | D:1      | Reached XP level 1. HP: 20/20 MP: 4/4
   216 | D:1      | Reached XP level 2. HP: 26/26 MP: 5/5
   433 | D:1      | Reached XP level 3. HP: 31/31 MP: 7/7
   694 | D:1      | Reached skill level 1 in Invocations
   714 | D:1      | Found a shattered altar of Ashenzari.
  1035 | D:2      | Reached skill level 1 in Short Blades
  1035 | D:2      | Reached skill level 1 in Long Blades
  1035 | D:2      | Reached skill level 1 in Axes
  1035 | D:2      | Reached skill level 1 in Maces & Flails
  1035 | D:2      | Reached skill level 1 in Polearms
  1035 | D:2      | Reached skill level 1 in Staves
  1035 | D:2      | Reached skill level 1 in Slings
  1035 | D:2      | Reached skill level 1 in Crossbows
  1035 | D:2      | Reached skill level 1 in Throwing
  1035 | D:2      | Reached skill level 1 in Armour
  1035 | D:2      | Reached skill level 1 in Dodging
  1035 | D:2      | Reached skill level 1 in Shields
  1035 | D:2      | Reached skill level 1 in Unarmed Combat
  1035 | D:2      | Reached skill level 1 in Evocations
  1035 | D:2      | Reached XP level 4. HP: 38/38 MP: 8/8
  1136 | D:2      | Found a faded altar of an unknown god.
  1403 | D:2      | Reached skill level 1 in Conjurations
  1403 | D:2      | Reached skill level 1 in Hexes
  1403 | D:2      | Reached skill level 1 in Summonings
  1403 | D:2      | Reached skill level 1 in Necromancy
  1403 | D:2      | Reached skill level 1 in Translocations
  1403 | D:2      | Reached skill level 1 in Fire Magic
  1403 | D:2      | Reached skill level 1 in Ice Magic
  1403 | D:2      | Reached skill level 1 in Air Magic
  1403 | D:2      | Reached skill level 1 in Earth Magic
  1403 | D:2      | Reached skill level 1 in Poison Magic
  1572 | D:2      | Reached XP level 5. HP: 43/43 MP: 9/9
  2154 | D:3      | Found a runed door.
  2160 | D:3      | Noticed Crazy Yiuf
  2167 | D:3      | Killed Crazy Yiuf
  2167 | D:3      | Reached XP level 6. HP: 47/50 MP: 10/10
  2350 | D:3      | Found a glowing drain.
  2362 | Sewer    | Entered a sewer
  2491 | Sewer    | Reached skill level 5 in Fighting
  2628 | Sewer    | Found a white marble altar of Elyvilon.
  2948 | D:4      | Found a sparkling altar of Nemelex Xobeh.
  2976 | D:4      | Reached XP level 7. HP: 44/56 MP: 12/12
  3787 | D:4      | Reached skill level 5 in Stealth
  4109 | D:4      | Reached XP level 8. HP: 63/63 MP: 14/14
  4305 | D:5      | Entered Level 5 of the Dungeon
  5696 | D:6      | Found a bloodstained altar of Trog.
  5761 | D:6      | Reached XP level 9. HP: 29/69 MP: 16/16
  5769 | D:6      | Reached skill level 5 in Charms
  5769 | D:6      | Reached skill level 5 in Transmutations
  5860 | D:6      | Found Qeuwn's Armour Boutique.
  5937 | D:6      | Reached skill level 5 in Spellcasting
  6306 | D:6      | Noticed Eustachio
  6353 | D:6      | Reached skill level 5 in Bows
  6355 | D:6      | Killed Eustachio
  6368 | D:6      | Found a staircase to the Ecumenical Temple.
  6852 | D:7      | Found an ornate altar of the Wu Jian Council.
  6863 | D:7      | Noticed Duvessa
  6863 | D:7      | Noticed Dowan
  6870 | D:7      | Killed Dowan
  6879 | D:7      | Killed Duvessa
  7201 | D:7      | Reached skill level 5 in Invocations
  7309 | D:7      | Reached XP level 10. HP: 64/77 MP: 18/18
  7553 | D:7      | Killed from afar by an orc wizard

Vault maps used:
D:1:      dpeg_arrival_rhombi, grunt_decor_cap, evilmike_ruin_ashenzari
D:2:      chequers_ecumenical_altar_island, first_ration, minmay_pentomino_w4
D:3:      portal_sewer_entry_d, uniq_crazy_yiuf_cottage
D:4:      lemuel_crystal_altar, nzn_random_ring
D:5:      serial_glass, glass_columns_a, glass_columns_b,
          lexackson_kobold_supper
D:6:      minmay_temple_entry_statues_pillars, serial_shops, shop,
          trog_ov_bears_minmay, uniq_eustachio
D:7:      basic_altar, uniq_duvessa
Sewer:    sewer_kobolds

Skill      XL: |  1  2  3  4  5  6  7  8  9 10 |
---------------+-------------------------------+-----
Invocations    | 1 2 3 4 5 |  5.4
Short Blades   | 1 2 3 4 |  4.9
Long Blades    | 1 2 3 4 |  4.9
Axes           | 1 2 3 4 |  4.9
Maces & Flails | 1 2 3 4 |  4.9
Polearms       | 1 2 3 4 |  4.9
Staves         | 1 2 3 4 |  4.9
Slings         | 1 2 3 4 |  4.9
Crossbows      | 1 2 3 4 |  4.9
Throwing       | 1 2 3 4 |  4.9
Armour         | 1 2 3 4 |  4.9
Dodging        | 1 2 3 4 |  4.9
Shields        | 1 2 3 4 |  4.9
Unarmed Combat | 1 2 3 4 |  4.9
Evocations     | 1 2 3 4 |  4.9
Spellcasting   | 3 4 5 |  5.7
Conjurations   | 1 2 3 4 |  4.0
Hexes          | 1 2 3 4 |  4.0
Summonings     | 1 2 3 4 |  4.0
Necromancy     | 1 2 3 4 |  4.0
Translocations | 1 2 3 4 |  4.0
Fire Magic     | 1 2 3 4 |  4.0
Ice Magic      | 1 2 3 4 |  4.0
Air Magic      | 1 2 3 4 |  4.0
Earth Magic    | 1 2 3 4 |  4.0
Poison Magic   | 1 2 3 4 |  4.0
Bows           | 3 4 5 |  5.6
Charms         | 4 5 |  5.6
Transmutations | 4 5 |  5.6
Fighting       | 5 6 |  6.8
Stealth        | 5 6 |  6.5

Action                   |  1- 3 |  4- 6 |  7- 9 | 10-12 || total
-------------------------+-------+-------+-------+-------++-------
Melee: Dagger            |    19 |   136 |   167 |     6 ||   328
       Bite              |       |    18 |    70 |     6 ||    94
       Punch             |       |     1 |     9 |       ||    10
       Short sword       |       |    28 |   221 |    29 ||   278
       Quarterstaff      |       |       |   112 |       ||   112
       Staff             |       |       |       |     7 ||     7
 Fire: Shortbow          |    66 |    60 |   162 |    17 ||   305
Throw: Stone             |       |       |     3 |       ||     3
       Javelin           |       |       |    29 |       ||    29
Evoke: Wand              |       |       |     5 |     2 ||     7
  Use: Scroll            |       |     4 |     3 |       ||     7
       Potion            |       |     4 |     1 |       ||     5
 Stab: Sleeping          |       |     4 |     1 |       ||     5
  Eat: Chunk             |       |     6 |    16 |       ||    22
       Ration            |       |       |     1 |       ||     1
Armor: Ring mail         |    14 |    34 |   149 |     7 ||   204
Dodge: Dodged            |    25 |    76 |   239 |    20 ||   360
Block: Other             |       |     5 |    74 |     6 ||    85
       Reflection        |       |       |     6 |       ||     6

Table legend:
 A = Spawn XP
 B = Non-spawn XP
 C = Spawn XP percentage of total XP
 D = Spawn monster count
 E = Non-spawn monster count
 F = Spawn count percentage of total count
 G = Total turns spent on level
                    A         B        C        D         E        F      G
               +---------+---------+-------+---------+---------+-------+---------
         Total |       0 |    5390 |   0.0 |       0 |     185 |   0.0 |  7553
               +---------+---------+-------+---------+---------+-------+---------
           D:1 |       0 |      66 |   0.0 |       0 |      24 |   0.0 |   990
           D:2 |       0 |     155 |   0.0 |       0 |      23 |   0.0 |   864
           D:3 |       0 |     138 |   0.0 |       0 |      22 |   0.0 |   712
           D:4 |       0 |     738 |   0.0 |       0 |      28 |   0.0 |  1410
           D:5 |       0 |     833 |   0.0 |       0 |      24 |   0.0 |  1301
           D:6 |       0 |    1774 |   0.0 |       0 |      33 |   0.0 |  1246
           D:7 |       0 |    1546 |   0.0 |       0 |      23 |   0.0 |   701
         Sewer |       0 |     140 |   0.0 |       0 |       8 |   0.0 |   329
               +---------+---------+-------+---------+---------+-------+---------
